 Dungeon Crawl Stone Soup version 0.29-a0-214-g17f627cfee (webtiles) character file.

Game seed: 5053568539118325445

4053 mathmaestro the Grappler (level 10, -5/104 HPs)
             Began as a Troll Monk on Feb 25, 2022.
             Slain by Erica
             ... wielding a +3 scimitar of flaming
              (24 damage)
             ... on level 8 of the Dungeon.
             The game lasted 00:10:43 (5808 turns).

mathmaestro the Grappler (Troll Monk)               Turns: 5808, Time: 00:10:45

Health: -5/104     AC: 11    Str: 23 (25) XL:     10   Next: 4%
Magic:  9/9        EV: 11    Int:  3 (6)  God:
Gold:   422        SH:  0    Dex: 16 (18) Spells: 9/9 levels left

rFire   . . .      SeeInvis .     - Unarmed
rCold   . . .      Faith    .   (no shield)
rNeg    . . .      Spirit   .   x - +0 steam dragon scales
rPois   .          Reflect  .   (helmet restricted)
rElec   .          Harm     .   (no cloak)
rCorr   .          Rampage  .   (gloves unavailable)
Will    .....                   (boots unavailable)
Stlth   ++........              (no amulet)
HPRegen 1.07/turn               l - +4 ring of protection
MPRegen 0.11/turn               y - +6 ring of dexterity

@: lethally poisoned (-5 -> -5), studying Bows
A: large, unfitting armour, claws 3, regeneration 1, shaggy fur 1, tough skin 1
a: no special abilities


You were on level 8 of the Dungeon.
You visited 2 branches of the dungeon, and saw 9 of its levels.
You also visited: Ossuary.

You collected 641 gold pieces.
You spent 219 gold pieces at shops.

Inventory:

Hand Weapons
 a - a +2 long sword of flaming
 n - the +10 dagger of Mehoanit {flame, rF+ Str+5 Dex-4}
   (You found it on level 4 of the Dungeon)

   It burns those it strikes, dealing additional fire damage.
   Str:       It affects your strength (+5).
   Dex:       It affects your dexterity (-4).
   rF:        It protects you from fire.
Missiles
 c - 159 stones
 e - 11 poisoned darts
 k - 5 boomerangs (quivered)
Armour
 x - +0 steam dragon scales (worn)
Jewellery
 l - a +4 ring of protection (left claw)
 t - a ring of positive energy
 y - a +6 ring of dexterity (right claw)
Wands
 A - a wand of flame (17)
 B - a wand of charming (10)
 E - a wand of mindburst (5)
Scrolls
 b - 5 scrolls of enchant weapon
 g - 2 scrolls of enchant armour
 j - 2 scrolls of fear
 q - 3 scrolls of blinking
 r - 5 scrolls of identify
 z - a scroll of amnesia
Potions
 d - a potion of degeneration
 f - 2 potions of mutation {unknown}
 h - 4 potions of flight
 i - 2 potions of heal wounds {unknown}
 m - a potion of brilliance {unknown}
 o - a potion of curing {unknown}
 s - a potion of invisibility {unknown}
 w - a potion of cancellation {unknown}


   Skills:
 + Level 8.2 Fighting
 + Level 3.3 Throwing
 + Level 3.0 Armour
 - Level 3.0 Dodging
 - Level 1.0 Stealth
 + Level 9.8 Unarmed Combat
 + Level 1.3 Evocations


You had 9 spell levels left.
You didn't know any spells.
Your spell library contained the following spells:

 Spells                   Type           Power      Damage    Failure   Level
 Ensorcelled Hibernation  Hex/Ice        0%         N/A       67%         2
 Conjure Flame            Conj/Fire      0%         6-21      88%         3
 Gell's Gravitas          Tloc           0%         N/A       88%         3
 Ignite Poison            Fire/Tmut/Pois 0%         N/A       88%         3
 Portal Projectile        Hex/Tloc       0%         N/A       88%         3
 Spider Form              Tmut/Pois      0%         N/A       88%         3
 Teleport Other           Tloc           0%         N/A       88%         3
 Anguish                  Hex/Necr       0%         N/A       99%         4
 Sticky Flame             Conj/Fire      0%         2d3       99%         4
 Blade Hands              Tmut           0%         N/A       100%        5
 Excruciating Wounds      Necr           0%         N/A       100%        5
 Dispersal                Tloc           0%         N/A       100%        6


Dungeon Overview and Level Annotations

Branches:
Dungeon (8/15)             Temple (1/1) D:5            Lair (0/6) D:8
Ossuary (visited)

Altars:
Ashenzari
Cheibriados
Dithmenos
Elyvilon
Fedhas
Gozag
Hepliaklqana
Kikubaaqudgha
Makhleb
Nemelex Xobeh
Okawaru
Qazlal
Sif Muna
Trog
Uskayaw
Vehumet
Wu Jian
Xom
Yredelemnul
Zin
The Shining One

Shops:
D:5 *   D:6 [(

Annotations:
D:3 2 transporters
D:8 Erica


Innate Abilities, Weirdness & Mutations

You are too large for most types of armour.
You have claws for hands.
Your natural rate of healing is unusually fast.
You are covered in fur. (AC +1)
You have tough skin. (AC +1)


Message History

You closely miss the gnoll. You claw the gnoll!
You kill the gnoll!
The gnoll hits you but does no damage.
You see here a +0 club.
You claw the gnoll! Your claw misses the gnoll.
The gnoll is severely wounded.
The gnoll hits you but does no damage.
You closely miss the gnoll.
The gnoll is severely wounded.
The gnoll hits you with a +0 spear.
You scratch the gnoll.
The gnoll is severely wounded.
The gnoll closely misses you.
You barely miss the gnoll. You claw the gnoll.
You kill the gnoll!
You closely miss something. You scratch something.
You hear some strange, mumbled words.
A bolt of poison appears from out of thin air!
The bolt of poison hits you!
You are poisoned.
You claw something!
You feel very sick. Something hits you! Something burns you.
You miss something.
You feel sick. Something hits you! Something burns you.
You scratch something. Your claw misses something.
You feel sick.
You hear some strange, mumbled words.
Something tries to affect you, but you resist.
You barely miss something.
You feel sick.
You mangle something!! Your claw misses something.
You feel sick. Something hits you. Something burns you.
You claw something!
You feel sick. Something hits you!
* * * LOW HITPOINT WARNING * * *
Something burns you.
* * * LOW HITPOINT WARNING * * *
It was a potion of degeneration.
There was something very wrong with that liquid.
You feel weakened.
You feel dopey.
You feel clumsy.
You feel sick. Something hits you!!
You die...

#.. #. . .. #. P.
.... .P.#.#.
..P.... #####
....... #...####
.......###...##..
.P...
P.P...g{@....##.#


PP.P. .......##....##.## .# P.PP. ....... #††..##..## ###.# .PPP> .......
#....'....##....# PFPPP .............##.........# PP..P .......###...##.#...#..#
PP@P. .......###...##.#......# PPP.. .P....>..+...##........# .PP.. P.
#.##..........#.## You could see a gnoll.

Vanquished Creatures
  Maggie (D:6)
  A troll (D:6)
  Grinder (D:4)
  A hornet (D:7)
  Sigmund (D:2)
  A wraith (D:6)
  A wyvern (D:5)
  2 water moccasins (D:8)
  2 black bears
  A sky beast (D:5)
  An orc warrior (D:6)
  An ogre (D:6)
  7 bullfrogs
  A gnoll sergeant (D:8)
  A scorpion (D:5)
  3 wyvern skeletons
  5 killer bees (D:5)
  5 wights (D:7)
  2 howler monkeys
  A bullfrog zombie (D:6)
  3 centaur zombies
  A hound (D:5)
  3 orc priests
  A bullfrog skeleton (D:7)
  2 centaur skeletons
  3 iguanas
  5 orc wizards
  3 hound skeletons
  2 mummies (Ossuary)
  8 gnolls
  5 adders
  A shadow imp (D:6)
  2 white imps
  An ufetubus (D:6)
  An adder skeleton (D:4)
  4 worms
  A dart slug (D:3)
  15 orcs
  6 endoplasms
  A giant cockroach (D:4)
  3 gnoll zombies (Ossuary)
  7 goblins
  7 hobgoblins
  2 jackals (D:5)
  5 kobolds
  7 quokkas
  6 ball pythons
  7 bats
  2 frilled lizards
  A goblin zombie (Ossuary)
  6 hobgoblin zombies (Ossuary)
  2 orc zombies (Ossuary)
  6 rats
168 creatures vanquished.

Vanquished Creatures (others)
  36 fungi (D:8)
  54 plants (D:8)
90 creatures vanquished.

Grand Total: 258 creatures vanquished

Notes
Turn   | Place    | Note
-------+----------+-------------------------------------------
     0 | D:1      | mathmaestro the Troll Monk began the quest for the Orb.
     0 | D:1      | Reached XP level 1. HP: 22/22 MP: 0/0
   282 | D:1      | Reached XP level 2. HP: 29/29 MP: 1/1
   821 | D:2      | Reached XP level 3. HP: 32/36 MP: 2/2
   835 | D:2      | Noticed Sigmund
   845 | D:2      | Killed Sigmund
   846 | D:2      | Reached skill level 4 in Unarmed Combat
   846 | D:2      | Reached XP level 4. HP: 28/48 MP: 3/3
   846 | D:2      | Reached XP level 5. HP: 31/54 MP: 4/4
  1667 | D:2      | Reached skill level 5 in Unarmed Combat
  1667 | D:2      | Reached XP level 6. HP: 62/62 MP: 5/5
  1667 | D:2      | Found a faded altar of an unknown god.
  1942 | D:3      | Found a transporter.
  1953 | D:3      | Found a transporter.
  2262 | D:4      | Identified the +10 dagger of Mehoanit {flame, rF+ Str+5
                  | Dex-4}
  2309 | D:4      | Noticed Grinder
  2313 | D:4      | Paralysed by Grinder for 2 turns
  2325 | D:4      | Paralysed by Grinder for 6 turns
  2338 | D:4      | Killed Grinder
  2339 | D:4      | Reached XP level 7. HP: 59/71 MP: 6/6
  2768 | D:5      | Entered Level 5 of the Dungeon
  2797 | D:5      | Found Xaes Cit's Overcharged Wands.
  2807 | D:5      | Reached skill level 5 in Fighting
  2807 | D:5      | Reached skill level 6 in Unarmed Combat
  2965 | D:5      | Found a staircase to the Ecumenical Temple.
  3042 | Temple   | Entered the Ecumenical Temple
  3381 | D:5      | Noticed a wyvern
  3392 | D:5      | Killed a wyvern
  3393 | D:5      | Reached skill level 7 in Unarmed Combat
  3393 | D:5      | Reached XP level 8. HP: 44/83 MP: 7/7
  4094 | D:6      | Noticed a troll
  4107 | D:6      | Killed a troll
  4108 | D:6      | Reached skill level 8 in Unarmed Combat
  4236 | D:6      | Noticed Maggie
  4250 | D:6      | Killed Maggie
  4290 | D:6      | Found Musme's Antique Armour Boutique.
  4396 | D:6      | Found Kuha's Hydra Hut.
  4397 | D:6      | Noticed an eight-headed hydra
  4400 | D:6      | Bought a +2 long sword of flaming for 219 gold pieces
  4408 | D:6      | Reached XP level 9. HP: 93/93 MP: 8/8
  4659 | D:6      | Reached skill level 9 in Unarmed Combat
  4778 | D:6      | Reached skill level 1 in Throwing
  4778 | D:6      | Reached skill level 1 in Armour
  5430 | D:8      | Noticed a two-headed ogre
  5461 | D:8      | Found a staircase to the Lair.
  5461 | D:8      | Noticed Erica
  5578 | D:8      | Found a sand-covered staircase.
  5588 | Ossuary  | Entered an ossuary
  5742 | D:8      | Reached skill level 1 in Evocations
  5779 | D:8      | Reached XP level 10. HP: 104/104 MP: 9/9
  5808 | D:8      | Slain by Erica

Illustrated notes

Levels and vault maps discovered:
D:1:      dpeg_arrival_stone_temple_mockup, layout_loops_corners
D:2:      layout_loops_corners, hellmonk_ecumenical_altar_leap_of_faith,
          kennysheep_generic_room_6, uniq_sigmund
D:3:      gammafunk_wand_slinger, layout_basic
D:4:      layout_basic, uniq_grinder
D:5:      layout_loops_corners, minmay_temple_entry_trees, st_stairs_6,
          hangedman_decor_riveting, minmay_misc_feat_iff,
          hangedman_decor_lopped, dk_noncrumbling_4,
          nicolae_shop_overcharged_wands
D:6:      layout_basic, serial_shops, nicolae_shop_advertising_works
          [nicolae_subvault_shop_adworks], doesnt_shop_hydraphobe, uniq_maggie
D:7:      layout_rooms
D:8:      layout_basic, due_lair_maze_entry_diamond, serial_shops,
          nicolae_shop_bloodbath_and_beyond, nicolae_ossuary_entry_ruins,
          uniq_erica, uniq_psyche
Temple:   nicolae_temple_the_god_donut

Skill      XL: |  1  2  3  4  5  6  7  8  9 10 |
---------------+-------------------------------+-----
Fighting       | 3 4 5 7 8 |  8.2
Dodging        | 3 |  3.0
Unarmed Combat | 4 5 7 8 9 |  9.8
Throwing       | 3 |  3.3
Armour         | 2 3 |  3.0
Evocations     | 1 |  1.3
Stealth        | |  1.0

Action                   |  1- 3 |  4- 6 |  7- 9 | 10-12 || total
-------------------------+-------+-------+-------+-------++-------
Melee: Unarmed           |    59 |   112 |   270 |    22 ||   463
       Punch             |     1 |     1 |    11 |     3 ||    16
Throw: Dart              |       |     6 |       |       ||     6
       Boomerang         |       |       |     2 |       ||     2
  Use: Scroll            |       |     5 |     7 |       ||    12
       Potion            |       |       |     1 |     1 ||     2
 Stab: Sleeping          |     5 |     3 |       |       ||     8
Armor: Robe              |    11 |    41 |    36 |       ||    88
       Steam dragon scal |       |       |    96 |     7 ||   103
Dodge: Dodged            |    19 |    50 |   156 |     5 ||   230

Table legend: (Time is in decaauts)
 A = Elapsed time spent in this place.
 B = Non-inter-level travel time spent in this place.
 C = Inter-level travel time spent in this place.
 D = Time resting spent in this place.
 E = Time spent auto-exploring this place.
 F = Levels seen in this place.
 G = Mean time per level.
                   A        B        C        D        E       F      G
               +--------+--------+--------+--------+--------+-----+--------+
         Total |   5752 |   5488 |    264 |    134 |   4174 |  10 |  575.2 |
       Dungeon |   5375 |   5122 |    253 |    134 |   3875 |   8 |  671.9 |
        Temple |    253 |    242 |     11 |      0 |    227 |   1 |  253.0 |
       Ossuary |    124 |    124 |      0 |      0 |     72 |   1 |  124.0 |
               +--------+--------+--------+--------+--------+-----+--------+

Top non-repeatable levels by time:
     D:5: 1049 daAuts
     D:2: 997 daAuts
     D:6: 886 daAuts
     D:1: 831 daAuts
     D:7: 538 daAuts
     D:4: 519 daAuts
     D:3: 405 daAuts
  Temple: 253 daAuts
     D:8: 148 daAuts
 Ossuary: 124 daAuts
